 Dungeon Crawl Stone Soup version 0.22.0-6-g71bd7aa6b3 (webtiles) character file.

268 Jannitor the Skirmisher (level 6, 0/63 HPs)
             Began as an Ogre Arcane Marksman on Aug 14, 2018.
             Succumbed to a worker ant's poison
             ... on level 4 of the Dungeon.
             The game lasted 00:06:11 (3381 turns).

Jannitor the Skirmisher (Ogre Arcane Marksman)      Turns: 3381, Time: 00:06:12

Health: 0/63       AC:  3    Str: 16    XL:     6   Next: 21%
Magic:  7/7        EV: 11    Int: 14    God:    Xom [...*..]
Gold:   147        SH:  0    Dex: 10    Spells: 6/7 levels left

rFire    . . .     SeeInvis .   p - +0 giant spiked club
rCold    . . .     Gourm    .   (shield currently unavailable)
rNeg     . . .     Faith    .   a - +0 robe
rPois    .         Spirit   .   (helmet restricted)
rElec    .         Reflect  .   (no cloak)
rCorr    .         Harm     .   (gloves unavailable)
MR       +....                  (boots unavailable)
Stlth    +.........             (no amulet)
HPRegen  0.20/turn              j - +4 ring of slaying
MPRegen  0.10/turn              r - ring of protection from magic

@: lethally poisoned (0 -> -16)
A: large, unfitting armour, tough skin 1
a: Renounce Religion


You were on level 4 of the Dungeon.
You worshipped Xom.
You were a favourite toy of Xom.
You were not hungry.

You visited 1 branch of the dungeon, and saw 4 of its levels.

You collected 147 gold pieces.

Inventory:

Hand Weapons
 o - a +0 quarterstaff
 p - a +0 giant spiked club (weapon)
Missiles
 c - 2 large rocks (quivered)
 d - 2 throwing nets
Armour
 a - a +0 robe (worn)
Jewellery
 j - a +4 ring of slaying (left hand)
 k - an uncursed ring of fire
 q - a +2 ring of strength
 r - a ring of protection from magic (right hand)
Wands
 n - a wand of flame (1)
Scrolls
 b - 3 scrolls of remove curse {unknown}
 g - a scroll of amnesia {unknown}
 h - 2 scrolls of fog {unknown}
 i - 2 scrolls of teleportation {unknown}
 m - 2 scrolls of identify {unknown}
Potions
 l - a potion of flight
Comestibles
 f - 6 rations


   Skills:
 + Level 4.6 Fighting
 * Level 0.3 Maces & Flails
 + Level 3.9 Throwing
 + Level 3.5 Dodging
 - Level 1.2 Spellcasting
 - Level 2.6 Hexes


You had 6 spell levels left.
You knew the following spells:

 Your Spells              Type           Power        Failure   Level  Hunger
a - Corona                Hex            #......      9%          1    ##.....

Your spell library contained the following spells:

 Spells                   Type           Power        Failure   Level  Hunger
 Cause Fear               Hex            #.........   65%         4    #####..
 Slow                     Hex            #.......     13%         2    ###....
 Portal Projectile        Hex/Tloc       #.....       41%         3    ####...
 Leda's Liquefaction      Hex/Erth       #.........   83%         4    #####..
 Inner Flame              Hex/Fire       #.......     41%         3    ####...


Dungeon Overview and Level Annotations

Branches:
Dungeon (4/15)
 Temple: D:4-7

Altars:
Cheibriados
Xom


Innate Abilities, Weirdness & Mutations

You are too large for most types of armour.
You have tough skin. (AC +1)


Message History

You kill the worker ant!
* * * LOW HITPOINT WARNING * * *
You feel sick.
There is a lethal amount of poison in your body!
Okay, then.
* * * LOW HITPOINT WARNING * * *
You feel very sick.
* * * LOW HITPOINT WARNING * * *
You feel sick.
* * * LOW HITPOINT WARNING * * *
You feel sick.
* * * LOW HITPOINT WARNING * * *
You feel sick.
There is a stone staircase leading down here.
* * * LOW HITPOINT WARNING * * *
You feel sick.
* * * LOW HITPOINT WARNING * * *
You feel sick.
You die...
Xom cackles wildly!

#<....... #........#
###.######.#
#........#.#
#.#.####.#.#
#.#.####.#.#########
#.#......#.#........ ..
#.#.####.#.#.########.##
#.#.#....@..>...........
#.##....#.######.......#
#..+....#.# #.#######
##'##...##.# * #.###....
#..[.....#.. #$.(.(...
#........### #........
#........# * #........
##'##....# #........
#.##....# #####.###


There were no monsters in sight!

Vanquished Creatures
  An ogre (D:4)
  An orc priest (D:4)
  A worker ant (D:4)
  3 adders (D:2)
  An ooze (D:1)
  2 worms
  A dart slug (D:3)
  A leopard gecko (D:1)
  9 orcs
  2 ball pythons
  2 giant cockroaches
  10 goblins
  10 hobgoblins
  3 jackals (D:3)
  5 kobolds
  5 quokkas
  13 bats
  6 frilled lizards
  8 rats
84 creatures vanquished.

Notes
Turn   | Place    | Note
-------+----------+-------------------------------------------
     0 | D:1      | Jannitor the Ogre Arcane Marksman began the quest for the Orb.
     0 | D:1      | Reached XP level 1. HP: 19/19 MP: 2/2
   272 | D:1      | Reached XP level 2. HP: 28/28 MP: 3/3
   316 | D:1      | Reached skill level 2 in Fighting
   802 | D:1      | Reached XP level 3. HP: 20/36 MP: 4/4
  1569 | D:2      | Reached skill level 3 in Fighting
  1569 | D:2      | Reached XP level 4. HP: 45/45 MP: 5/5
  1898 | D:2      | Found a faded altar of an unknown god.
  1910 | D:2      | You fall through a shaft!
  2135 | D:2      | Became a worshipper of Xom of Chaos
  2415 | D:2      | XOM: harmless Fire miscast
  2680 | D:3      | Found a snail-covered altar of Cheibriados.
  2782 | D:3      | Reached XP level 5. HP: 51/54 MP: 6/6
  3035 | D:4      | Noticed an ogre
  3048 | D:4      | Reached skill level 4 in Fighting
  3058 | D:4      | XOM: potion effect (curing)
  3077 | D:4      | XOM: silly message
  3078 | D:4      | XOM: potion effect (agility)
  3088 | D:4      | XOM: potion effect (invisibility)
  3089 | D:4      | Killed an ogre
  3089 | D:4      | Reached XP level 6. HP: 18/63 MP: 7/7
  3102 | D:4      | XOM: harmless Chrm miscast
  3163 | D:4      | XOM: mild Tmut miscast
  3279 | D:4      | XOM: divination: magic mapping
  3346 | D:4      | XOM: scenery: 1 doors close
  3380 | D:4      | HP: 2/63 [poisoned by a worker ant]
  3381 | D:4      | Succumbed to a worker ant's poison

Skill      XL: |  1  2  3  4  5 |
---------------+----------------+-----
Dodging        | 2 3 |  3.5
Fighting       | 2 3 4 |  4.6
Throwing       | 3 |  3.9
Maces & Flails | |  0.3
Spellcasting   | |  1.2
Hexes          | |  2.6

Action                   |  1- 3 |  4- 6 || total
-------------------------+-------+-------++-------
Melee: Unarmed           |   135 |    58 ||   193
       Quarterstaff      |       |    39 ||    39
       Giant spiked club |       |     6 ||     6
Throw: Javelin           |    11 |     4 ||    15
       Large rock        |     9 |     5 ||    14
Evoke: Wand              |       |    20 ||    20
  Use: Potion            |       |     3 ||     3
 Stab: Distracted        |       |     1 ||     1
  Eat: Chunk             |     2 |     6 ||     8
Armor: Robe              |    65 |    23 ||    88
Dodge: Dodged            |    83 |    58 ||   141
